[Event "1000GM Schev-G1 March 2024"]
[Site "Santa Clara"]
[Date "2024.03.09"]
[Round "1.2"]
[White "Arutla, Aditya"]
[Black "Heimann, Mark"]
[Result "*"]
[ECO "B32"]
[WhiteElo "2239"]
[BlackElo "2435"]
[Annotator "TA"]
[PlyCount "180"]
[EventDate "2024.03.06"]
[EventType "schev"]
[EventCountry "USA"]
[SourceTitle "playchess.com"]
[Source "ChessBase"]
[SourceQuality "1"]
[TimeControl "5400+30"]

1. e4 c5 2. Nf3 Nc6 3. d4 cxd4 4. Nxd4 e5 5. Nb5 d6 6. N1c3 a6 7. Na3 b5 8. Nd5 Nce7 9. c4 Nxd5 10. exd5 bxc4 11. Nxc4 Nf6 12. Be3 Rb8 {[%emt 0:06:04] Verhindert Nb6.} 13. Be2 Be7 14. O-O {[%emt 0:01:29] Weiß steht etwas besser.} O-O 15. a4 Bb7 16. Nb6 Nd7 17. a5 Nxb6 18. Bxb6 Qd7 19. Bc4 Bd8 20. Be3 f5 21. f3 Bf6 22. Qe2 Ra8 23. b4 Qf7 24. Rfd1 f4 25. Bb6 e4 $1 {[%emt 0:00:58] Gegen Bd3 gerichtet.} 26. fxe4 (26. Rab1 $11 exf3 27. Qxf3) 26... Bxa1 $15 27. Rxa1 Rae8 (27... Qg6 $15 {ist eher angebracht.} 28. Qf3 Rac8) 28. Qf3 (28. b5 $1 $11) 28... Rc8 29. Be2 Qf6 $1 {[%emt 0:00:30] Verhindert Bd4} 30. Rd1 Qb2 (30... Rc3 $1 $15 31. Qh5 (31. Bd4 $2 Rxf3 32. Bxf6 Re3 $19) 31... Rb3) 31. Qf1 (31. b5 $11 {bleibt in der Remisbreite.} axb5 32. Bd4) 31... Qxb4 (31... Rc2 $1 $17 32. Rb1 Qc3) 32. e5 $1 Rc2 (32... dxe5 33. d6 Qa4 (33... f3 34. gxf3 Rc6 35. d7 $15) 34. d7 $11) 33. e6 Rd2 34. Bf3 Rxd1 $1 35. Qxd1 Rf5 $1 36. h3 Qc4 {[%emt 0:01:49] Gegen Qc1 gerichtet.} (36... Re5 $17 37. Bf2 Qxa5) 37. Qe1 $11 Qc8 (37... Bxd5 $2 38. Bxd5 (38. e7 Bf7 $18) 38... Qxd5 39. e7 $18) (37... Re5 $5 38. Qh4 $8 h5 (38... Qc1+ $2 39. Kh2 $18) (38... g5 $2 39. Qh5 $18) 39. Qd8+ (39. Bxh5 $2 g5 $19) 39... Kh7 40. Qxd6 (40. e7 Qc1+ 41. Kh2 Qe1 $15) 40... Re1+ 41. Kh2 Qc1 $11) 38. Qe4 $36 {[%emt 0:07:17][%mdl 2048] Weiss kämpft um Vorteil.} g6 (38... Rxd5 $2 39. Kh2 $18) (38... Qc1+ $11 {und Schwarz muss sich keine Sorgen machen.} 39. Kh2 Re5) 39. e7 $2 (39. Qa4 $1 $18) 39... Re5 $1 40. Qxf4 Rxe7 41. Qxd6 Qd7 42. Qb8+ Re8 43. Qc7 Qxc7 44. Bxc7 {[%emt 0:00:01][%mdl 4096] Endspiel. KRB-KB} Bc8 45. d6 Bd7 (45... Re3 $11) 46. Bd5+ ({Günstiger ist} 46. Bb7 $1 $14) 46... Kf8 47. Kf2 Bb5 48. Kf3 Re1 49. Bc4 {[%emt 0:00:52] Droht stark Bxb5.} Ke8 50. Bg8 (50. Bxb5+ axb5 51. Kf2 Rc1 $19) 50... h6 51. g3 Kd7 52. Bh7 (52. Bb3 $15) 52... Bd3 $17 {[%emt 0:00:28] ...Re8 wäre nun fies.} 53. Bg8 Re8 (53... g5 $17 54. Bb3 Re4 (54... Be4+ 55. Kg4 $17)) 54. Bb3 $1 $15 Be4+ 55. Kf4 g5+ 56. Kg4 Rf8 57. Kh5 Rf6 58. g4 Bc6 {[%emt 0:00:40] Zielt auf ...Kc8 ab.} 59. h4 $1 gxh4 60. Kxh4 Rf1 61. Bc2 Rh1+ 62. Kg3 Rg1+ 63. Kf4 Kc8 64. Bf5+ Bd7 {[%emt 0:00:04] Und jetzt ...Rf1+ wäre schön.} 65. Bxd7+ $2 ({Weiss braucht} 65. Bd3 $1 $11 Rxg4+ (65... Bxg4 66. Bxa6+ Kd7 67. Bb5+ Kc8 68. Ba6+ Kd7 69. Bb6 $11) 66. Kf3) 65... Kxd7 $11 {[%emt 0:00:01] KR-KB} 66. Kf5 Rh1 67. Kf4 Ke6 68. Kg3 (68. Ke3 $17 {war einen Versuch wert.}) 68... Rd1 69. Kf4 Rd4+ 70. Kf3 Rd3+ 71. Ke4 Rd5 72. Kf4 Kd7 73. Ke4 Kc6 74. Kf4 Rg5 75. Kf3 Rg7 76. Kf4 Kd5 77. Kf5 {[%emt 0:00:29] [#]} Rg5+ $1 78. Kf4 {[%emt 0:00:31] Beabsichtigt d7 und Matt.} Ke6 79. Kf3 Rb5 80. Kf4 Rb4+ 81. Kf3 Rd4 82. Kg3 Kd7 83. Kf3 Kc6 84. Kg3 Kb5 85. Kh4 Rd5 86. Kg3 Kc4 87. Kf4 Kd3 88. Kf3 {[%emt 0:00:19] [#]} Rd4 $1 89. Bb8 Kc4 90. Bc7 Kb4 {[%emt 0:00:57] Schwarz hat seine Chance genutzt.   Gewichteter Fehlerwert: Weiß=0.29 (präzise) /Schwarz=0.23 (präzise) .  Verlustzug:     	---       	Schwarz=1     Gewinn verpasst:   	Weiß=1     	---        Fehler:       	Weiß=7     	Schwarz=6     Ungenau:       	Weiß=3     	Schwarz=2     OK:         	Weiß=31    	Schwarz=33    Bester:       	Weiß=6     	Schwarz=3     Stark:        	Weiß=3     	Schwarz=6} *

[Event "1000GM Schev-G1 March 2024"]
[Site "Santa Clara"]
[Date "2024.03.09"]
[Round "1.3"]
[White "Atwell, Rose"]
[Black "Stearman, Josiah"]
[Result "0-1"]
[ECO "B51"]
[WhiteElo "2285"]
[BlackElo "2464"]
[Annotator "TA"]
[PlyCount "98"]
[EventDate "2024.03.06"]
[EventType "schev"]
[EventCountry "USA"]
[SourceTitle "playchess.com"]
[Source "ChessBase"]
[SourceQuality "1"]
[TimeControl "5400+30"]

1. e4 c5 2. Nf3 d6 3. Bb5+ Nd7 4. c3 Ngf6 5. Qe2 a6 6. Ba4 b5 7. Bc2 Bb7 8. d4 e6 9. O-O Be7 {[%emt 0:00:07] The position is equal.} 10. Rd1 Qc7 11. Bd3 O-O 12. b3 a5 13. Nbd2 b4 14. Bb2 Rfc8 15. Rac1 Bc6 16. Ne1 Qa7 ({Black should try} 16... bxc3 $11 17. Bxc3 cxd4 18. Bxd4 e5) 17. Nc2 ({White should play} 17. d5 $1 $14 bxc3 (17... exd5 $2 18. exd5 Nxd5 19. c4 $18) 18. dxc6 cxd2 (18... cxb2 $2 {too greedy.} 19. cxd7 Nxd7 20. Rb1 $18) 19. Rxd2) 17... Bf8 (17... Qb8 {might be stronger.}) 18. Qe3 (18. cxb4 $11 axb4 19. dxc5 dxc5 20. a4) 18... Qb7 19. f4 (19. f3 $11) 19... a4 20. cxb4 cxb4 21. d5 exd5 $17 22. e5 dxe5 23. fxe5 Ne4 24. Nf3 $2 {[%emt 0:06:27] White does not recover from this.} (24. Bd4 $17 {was worth a try.}) 24... axb3 $19 25. axb3 Ndc5 26. Ncd4 Ra2 27. Rc2 Bd7 28. Be2 Nc3 29. Bxc3 Rxc2 30. Nxc2 bxc3 31. Qxc3 $2 (31. b4 {was necessary.} Ne6 32. Bd3) 31... Ne4 (31... Nxb3 $2 32. Qb2 $19) ({Not} 31... Qxb3 32. Qxb3 Nxb3 33. Ncd4 Nxd4 34. Nxd4 $17) 32. Qb2 Qa7+ 33. Ncd4 Nc3 34. Ra1 Nxe2+ 35. Kf2 {[%emt 0:00:07] [#]} Qxd4+ 36. Nxd4 Nxd4 37. Rc1 {[%emt 0:02:58] Prevents Rc2+.} (37. Qxd4 $2 {loses.} Bc5 38. Ke3 Bxd4+ $19) 37... Rxc1 38. Qxc1 Nxb3 39. Qd1 Bc5+ 40. Kg3 Nd4 41. Qb1 Nf5+ 42. Kf4 Be6 43. g4 Nh4 44. Qb8+ Bf8 45. g5 Ng6+ 46. Ke3 h5 47. gxh6 gxh6 48. Kd4 Kh7 {[%emt 0:00:09] Threatens to win with ...Bg7.} 49. h4 (49. Qa7 $142) 49... Bg7 {[%emt 0:00:07] Weighted Error Value: White=0.37/Black=0.19 (very precise) .  Loses game:     	White=1     	---        Mistake:       	White=6     	Black=2      Inaccurate:     	White=3     	Black=4      OK:         	White=12    	Black=19     Best:        	White=3     	Black=4      Brilliant:      	---       	Black=1} 0-1

[Event "1000GM Schev-G1 March 2024"]
[Site "Santa Clara"]
[Date "2024.03.09"]
[Round "1.4"]
[White "Griffith, Kyron"]
[Black "Guo, Ethan"]
[Result "1-0"]
[ECO "B23"]
[WhiteElo "2352"]
[BlackElo "2227"]
[Annotator "TA"]
[PlyCount "107"]
[EventDate "2024.03.06"]
[EventType "schev"]
[EventCountry "USA"]
[SourceTitle "playchess.com"]
[Source "ChessBase"]
[SourceQuality "1"]
[TimeControl "5400+30"]

1. e4 c5 2. Nc3 d6 3. d4 cxd4 4. Qxd4 Nc6 5. Qd2 e6 6. b3 Nf6 7. Bb2 d5 8. exd5 {[%emt 1:31:11] Die Stellung ist ausgeglichen.} exd5 9. O-O-O Bb4 (9... Be6 $1 $11 {bleibt in der Remisbreite.}) 10. a3 $16 Bxc3 11. Qxc3 O-O 12. f3 ({Günstiger ist} 12. Ne2 $14) 12... Be6 (12... d4 $11 13. Qd2 Nd5) 13. Ne2 {[%emt 0:00:00] Weiß steht aktiver.} Rc8 14. Nd4 {[%emt 0:00:00] Verhindert Bf5} Qb6 15. Kb1 $1 Rfe8 16. g4 a6 17. Qd2 Qc5 18. Nxc6 Rxc6 19. Bxf6 (19. Bd3 $16 {Und h4 würde nun gewinnen.} Bd7 20. Rhe1) 19... gxf6 $14 20. Bd3 Kg7 {[%emt 0:06:35][%cal Bg8g7,Bg7f6,Bf6e7,Be7d8,Bd8c7][%mdl 32] Es drohte Qh6+} (20... Qxa3 $2 {verliert.} 21. Qh6 Rb6 22. Bxh7+ (22. Qxf6 Rc8 $11) 22... Kh8 23. Rhe1 $18 (23. Qxf6+ $2 Kxh7 24. Qh4+ Kg8 $19)) 21. g5 Qxa3 (21... f5 $1 $11) 22. gxf6+ $16 Kxf6 23. f4 {[%emt 0:00:00][%cal Bf3f4,Bf4f5][%mdl 32] Manche mögen's heiß} ({Jedoch nicht} 23. Bxh7 Rc5 $14) 23... Ke7 24. f5 ({Keinesfalls} 24. Bxh7 $6 Rc5 $11) 24... Bd7 25. Qg5+ ({Besser ist} 25. Bc4 $16 Qc5 26. Bxd5) 25... f6 $11 26. Rhe1+ Kd8 27. Rxe8+ Bxe8 28. Qg8 Qe7 {[%emt 0:02:26] Verhindert Re1} 29. Bc4 {[%emt 0:00:00][%cal Og8g3] und nun wäre Qg3! stark für Weiss.} Rd6 30. Bxd5 Qe2 (30... Qe5 $11) 31. Rc1 $14 Kc7 32. Be6 Bd7 33. Qxh7 Kc6 34. Bxd7+ Rxd7 $16 {[%emt 0:00:07][%mdl 4096] Endspiel. KQR-KQR} 35. Qh4 Qe5 36. Qc4+ (36. Re1 $16 Qxf5 37. Qg3) 36... Kb6 $11 37. Rf1 (37. Qe6+ $16 Qxe6 38. fxe6) 37... Qxh2 38. Re1 {[%emt 0:00:18] Und jetzt Re6+ wäre schön.} Qd2 $2 {[%emt 0:00:29][%mdl 8192] Jetzt gehts bergab für Schwarz.} (38... Ka7 $11 {und Schwarz ist OK.}) 39. Re6+ $18 Rd6 {[%emt 0:00:03] [#]} 40. b4 $1 Rc6 {[%emt 0:00:27] [#]} 41. Rxf6 $3 Qe1+ (41... Kc7 42. Rxc6+) 42. Ka2 Qf2 {[%emt 0:00:13] Verhindert Qd4+.} 43. Rxc6+ bxc6 {[%emt 0:00:04] KQ-KQ} 44. Qd3 {[%emt 0:00:26] Qd8+ ist eine echte Drohung.} a5 45. bxa5+ Kxa5 46. Qc3+ Kb6 47. f6 {[%emt 0:00:13] Schwarz muss nun Qe5 beachten.} Kc7 $2 (47... Qf5 48. Kb2 c5 49. Qb3+ Kc7 50. Qf7+ Kb6) 48. Qe5+ Kb6 49. Kb2 Qf3 50. Qd4+ {[%emt 0:00:22] Weiß setzt Matt.} Kc7 {[%emt 0:00:39] [#]} 51. f7 $1 Qf5 52. Qa7+ Kd6 53. Qb8+ Ke7 54. Qe8+ {[%emt 0:00:05] Gewichteter Fehlerwert: Weiß=0.15 (sehr präzise) /Schwarz=0.45.  Verlustzug:     	---       	Schwarz=1     Fehler:       	Weiß=5     	Schwarz=5     Ungenau:       	Weiß=2     	Schwarz=3     OK:         	Weiß=18    	Schwarz=10    Bester:       	Weiß=4     	Schwarz=6     Stark:        	Weiß=2     	---        Brilliant:      	Weiß=1     	---} 1-0

[Event "1000GM Schev-G1 March 2024"]
[Site "Santa Clara"]
[Date "2024.03.09"]
[Round "1.5"]
[White "Arenas, David"]
[Black "Yan, Nathan"]
[Result "1/2-1/2"]
[ECO "C50"]
[WhiteElo "2368"]
[BlackElo "2185"]
[Annotator "TA"]
[PlyCount "56"]
[EventDate "2024.03.06"]
[EventType "schev"]
[EventCountry "USA"]
[SourceTitle "playchess.com"]
[Source "ChessBase"]
[SourceQuality "1"]
[TimeControl "5400+30"]

1. e4 e5 2. Nf3 Nc6 3. Bc4 Bc5 4. Nc3 Nf6 5. d3 h6 6. Be3 Bxe3 7. fxe3 d6 8. O-O Be6 9. Bb3 O-O 10. Qe1 d5 11. exd5 Nxd5 12. e4 Nf4 {[%emt 0:10:12] [#]} 13. Nxe5 $1 Qd4+ $1 14. Qf2 {[%emt 0:00:00] Sehr scharf!} Nh3+ 15. gxh3 Qxe5 16. Qg3 Qxg3+ 17. hxg3 Bxh3 18. Rf2 Nd4 19. Nd5 Nxb3 20. axb3 c6 21. Ne3 {[%emt 0:00:00] Droht g4.} Be6 22. b4 Rfd8 23. Rd2 g6 24. c3 Kg7 25. Nc2 ({Vorzuziehen ist} 25. d4 $14) 25... h5 {[%emt 0:05:59] Die Stellung ist ausgeglichen.} 26. Kg2 Rh8 27. Nd4 Bg4 28. Rf2 Rhf8 {[%emt 0:11:20] Gewichteter Fehlerwert: Weiß=0.10 (sehr präzise) /Schwarz=0.06 (makellos) .  Fehler:       	Weiß=1     	---        Ungenau:       	Weiß=1     	Schwarz=3     OK:         	Weiß=4     	Schwarz=7     Bester:       	Weiß=2     	Schwarz=4     Stark:        	---       	Schwarz=1     Brilliant:      	Weiß=1     	---} 1/2-1/2

[Event "1000GM Schev-G1 March 2024"]
[Site "Santa Clara"]
[Date "2024.03.09"]
[Round "2.2"]
[White "Stearman, Josiah"]
[Black "Arutla, Aditya"]
[Result "1/2-1/2"]
[ECO "B32"]
[WhiteElo "2464"]
[BlackElo "2239"]
[Annotator "TA"]
[PlyCount "190"]
[EventDate "2024.03.06"]
[EventType "schev"]
[EventCountry "USA"]
[SourceTitle "playchess.com"]
[Source "ChessBase"]
[SourceQuality "1"]
[TimeControl "5400+30"]

1. e4 c5 2. Nf3 Nc6 3. d4 cxd4 4. Nxd4 e5 5. Nb5 d6 6. N1c3 a6 7. Na3 b5 8. Nd5 Nce7 9. c4 Nxd5 10. exd5 bxc4 11. Nxc4 Nf6 12. Be3 Rb8 13. Be2 Be7 14. O-O {[%emt 0:01:29] White has an edge.} O-O 15. a4 Bb7 16. Nb6 Nd7 17. a5 Nxb6 18. Bxb6 Qd7 19. Bc4 Bd8 20. Be3 f5 21. f3 Bf6 22. Qe2 Ra8 23. b4 Qf7 24. Rfd1 f4 25. Bb6 e4 $1 26. fxe4 ({Better is} 26. Rac1 $11 exf3 (26... e3 27. b5 $14) 27. Qxf3) 26... Bxa1 $15 27. Rxa1 Rae8 28. Qf3 Rc8 29. Be2 Qf6 $1 {[%emt 0:00:30] Prevents Bd4.} 30. Rd1 Qb2 (30... Rc3 $1 $17 31. Qh5 (31. Bd4 $2 Rxf3 32. Bxf6 Re3 $19) 31... Rc2) 31. Qf1 (31. b5 $11 axb5 32. Bd4) 31... Qxb4 (31... Rc2 $1 $17 32. Rb1 Qc3) 32. e5 $1 Rc2 33. e6 Rd2 {[%emt 0:00:40] Hoping for ...Rxd1.} 34. Bf3 Rxd1 35. Qxd1 Rf5 $1 36. h3 Qc4 {[%emt 0:01:49] Against Qc1} (36... Re5 $15 37. Bf2 Qxa5) 37. Qe1 $11 {[%emt 0:01:30] e7 would kill now.} Qc8 (37... Bxd5 $2 38. Bxd5 (38. e7 Bf7 $18) 38... Qxd5 39. e7 $18) (37... Re5 $5 38. Qh4 $8 h6 (38... Qc1+ $2 39. Kh2 $18) (38... g5 $2 39. Qh5 $18) 39. Qd8+ Kh7 40. Qxd6 (40. e7 Re1+ 41. Kh2 Qf1) 40... Rxd5 $11) 38. Qe4 $36 {[%emt 0:07:17][%mdl 2048] White is more active.} g6 {[%emt 0:00:59][%mdl 8192] [#]} (38... Rxd5 $2 39. Kh2 $18) (38... Qc1+ $11 {and Black is okay.} 39. Kh2 Re5 40. Qxe5 dxe5) 39. e7 $2 ({Only move:} 39. Qa4 $1 $18) 39... Re5 $1 40. Qxf4 Rxe7 41. Qxd6 Qd7 42. Qb8+ Re8 43. Qc7 Qxc7 44. Bxc7 {[%emt 0:00:01][%mdl 4096] Endgame. KRB-KB} Bc8 45. d6 Bd7 (45... Kf7 $11) 46. Bd5+ ({White should try} 46. Bb7 $1 $14) 46... Kf8 47. Kf2 Bb5 48. Kf3 Re1 49. Bc4 {[%emt 0:00:52] Bxb5 would now be deadly.} Ke8 50. Bg8 (50. Bxb5+ axb5 51. Kf2 Rc1 $19) 50... h6 51. g3 Kd7 52. Bh7 Bd3 53. Bg8 Re8 (53... g5 $17 54. Bb3 Re4 (54... Be4+ 55. Kg4 $15)) 54. Bb3 $1 $15 Be4+ (54... g5 $15) 55. Kf4 $11 g5+ 56. Kg4 Rf8 57. Kh5 Rf6 58. g4 Bc6 {[%emt 0:00:40] Threatens to win with ...Kc8.} 59. h4 $1 gxh4 60. Kxh4 Rf1 (60... Rf4 {simplifies} 61. Be6+ Kxe6 62. d7 Rxg4+ 63. Kxg4 Bxd7 64. Kh5 Kf6) 61. Bc2 Rh1+ 62. Kg3 Rg1+ 63. Kf4 Kc8 64. Bf5+ Bd7 {[%emt 0:00:04] aiming for ...Rf1+.} 65. Bxd7+ (65. Bd3 $1 $11 Rxg4+ (65... Bxg4 66. Bxa6+ Kd7 67. Bb5+ Kc8 68. Bb6 $14) 66. Kf3) 65... Kxd7 {[%emt 0:00:01] KR-KB} 66. Kf5 Rh1 67. Kf4 Ke6 68. Kg3 Rd1 69. Kf4 Rd4+ 70. Kf3 Rd3+ 71. Ke4 Rd5 72. Kf4 Kd7 73. Ke4 Kc6 74. Kf4 Rg5 ({Don't play} 74... Kd7 75. Kf3) 75. Kf3 Rg7 76. Kf4 Kd5 77. Kf5 {[%emt 0:00:29] [#]} Rg5+ $1 78. Kf4 {[%emt 0:00:31] Strongly threatening d7.} Ke6 79. Kf3 Rb5 80. Kf4 Rb4+ 81. Kf3 Rd4 82. Kg3 Kd7 83. Kf3 Kc6 84. Kg3 Kb5 85. Kh4 Rd5 86. Kg3 Kc4 87. Kf4 {[%emt 0:01:34] Black is better.} Kd3 88. Kf3 Rd4 89. Bb8 Kc4 90. Bc7 Kb4 91. Ke3 Kc3 (91... Rxg4 92. d7 Rg8 93. d8=Q $18 (93. d8=R Rg6 $18)) 92. Kf3 Kd2 93. Bb8 Kd3 94. Bc7 Rd5 95. Kf4 Kd4 {[%emt 0:03:58] What a bad dream for White.   Weighted Error Value: White=0.28 (precise) /Black=0.23 (precise) .  Loses game:     	---       	Black=1      Missed win:     	White=1     	---        Mistake:       	White=4     	Black=6      Inaccurate:     	White=3     	Black=2      OK:         	White=33    	Black=35     Best:        	White=7     	Black=4      Strong:       	White=3     	Black=5} 1/2-1/2

[Event "1000GM Schev-G1 March 2024"]
[Site "Santa Clara"]
[Date "2024.03.10"]
[Round "2.2"]
[White "Stearman, Josiah"]
[Black "Arutla, Aditya"]
[Result "1-0"]
[ECO "D30"]
[WhiteElo "2464"]
[BlackElo "2239"]
[Annotator "TA"]
[PlyCount "71"]
[EventDate "2024.03.06"]
[EventType "schev"]
[EventCountry "USA"]
[SourceTitle "playchess.com"]
[Source "ChessBase"]
[SourceQuality "1"]
[TimeControl "5400+30"]

1. c4 c6 2. d4 d5 3. Nf3 Nf6 4. e3 e6 5. b3 Ne4 6. Nbd2 Bd6 7. Nxe4 dxe4 8. Nd2 {[%emt 0:00:30] White is slightly better.} f5 9. Bb2 O-O 10. f4 c5 {[%emt 0:00:30] ...cxd4 is the strong threat.} 11. d5 Nd7 12. dxe6 Nf6 13. Be2 (13. Qc2 {looks sharper.} Ng4 14. Qc3 Qe7 15. Be2) 13... Bxe6 14. Qc2 Qe7 (14... Ng4 $11 15. Qc3 Qe7) 15. O-O-O $14 Rad8 16. h3 Bc7 17. Bc3 a6 18. g4 fxg4 $2 {[%emt 0:00:30] Black cannot hold the game after this.} (18... b5 $16) 19. hxg4 $18 (19. Nxe4 Rxd1+ (19... gxh3 20. Nxf6+ gxf6 21. Bf1 $14) 20. Rxd1 gxh3 21. Nxf6+ gxf6 $11) 19... Nxg4 20. Bxg4 (20. Nxe4 $2 Rxd1+ (20... Nxe3 $2 21. Nf6+ gxf6 22. Rdg1+ $19) 21. Qxd1 Nxe3 $19) (20. Qxe4 $6 Nf6 21. Qc2 (21. Qxb7 Bf5 $11) (21. Bxf6 Qxf6 22. Qxh7+ Kf7 $16) 21... Bc8 $16) 20... Bxg4 21. Rdg1 h5 22. Nxe4 {[%emt 0:00:30][%cal Og1g4] And now Rxg4! would win.} Bxf4 23. exf4 Rxf4 24. Re1 {[%emt 0:00:30][%cal Oe4f6,Bg1e1,Be1e8,Be8b8][%mdl 32] Hoping for Nf6+!} Qf7 (24... Qf8 25. Ng5 Bf5) 25. Be5 (25. Nxc5 $2 Rf2 26. Qe4 Bf5 (26... Rxa2 $2 27. Rhf1 $18) 27. Qxb7 Rc2+ (27... Rxa2 $2 28. Qxf7+ Kxf7 29. Bb2 $18) 28. Kb1 Rxc3+ 29. Kb2 Qf6 $19) 25... Rf5 26. Nd6 (26. Nxc5 $2 Rxe5 27. Re4 Qf3 $19 (27... Rxc5 $2 28. Rxg4 hxg4 29. Qh7+ Kf8 30. Qh8+ Qg8 31. Rf1+ Ke7 32. Qh4+ Kd7 33. Qxg4+ Kc6 34. Kb2 $19)) 26... Rxd6 27. Bxd6 Qf6 {[%emt 0:00:30] [#]} 28. Re8+ $1 Kh7 29. Be5 (29. Bxc5 Qa1+ 30. Qb1 Qc3+ 31. Qc2 Qa1+ 32. Qb1 Qc3+ 33. Qc2 Qa1+ $11) 29... Qg6 30. Rb8 Bf3 (30... Rxe5 31. Rh8+ (31. Rxb7 $2 Qxc2+ 32. Kxc2 Bf3 $19) 31... Kxh8 32. Qxg6) 31. Re1 {[%emt 0:00:30] Strongly threatening Qd3.} h4 (31... Rg5 $142 32. Qxg6+ Rxg6) 32. Kb2 {[%emt 0:00:30][%cal Oe1g1] Rg1! would now be deadly.} h3 {[%emt 0:00:30] [#]} (32... Qg2 $142 33. Qxg2 Bxg2) 33. Rg1 $3 {[%emt 0:00:30][%cal Oc2f5][%mdl 512] Qxf5! would kill now.} Bg2 34. Rd1 {[%emt 0:00:30][%cal Od1d7] Intending Rd7! and mate.} Qg4 $2 (34... Rxe5 35. Rh8+ Kxh8 36. Qxg6) (34... Be4 $18 35. Qh2 (35. Qxe4 $2 {perishes.} Rf2+ 36. Ka3 Qxe4 $19) 35... Qg2+ 36. Rd2 Qxh2 37. Bxh2 Kg6) 35. Rd7 Be4 {[%emt 0:00:30] [#]} 36. Qxe4 $3 {[%emt 0:00:30][%mdl 512] Weighted Error Value: White=0.42/Black=0.48.  Loses game:     	---       	Black=1      Mistake:       	---       	Black=5      Inaccurate:     	White=4     	---        OK:         	White=11    	Black=10     Best:        	White=3     	Black=3      Strong:       	White=1     	---} 1-0

[Event "1000GM Schev-G1 March 2024"]
[Site "Santa Clara"]
[Date "2024.03.10"]
[Round "2.3"]
[White "Griffith, Kyron"]
[Black "Atwell, Rose"]
[Result "1/2-1/2"]
[ECO "C42"]
[WhiteElo "2352"]
[BlackElo "2285"]
[Annotator "TA"]
[PlyCount "67"]
[EventDate "2024.03.06"]
[EventType "schev"]
[EventCountry "USA"]
[SourceTitle "playchess.com"]
[Source "ChessBase"]
[SourceQuality "1"]
[TimeControl "5400+30"]

1. e4 e5 2. Nf3 Nf6 3. Nxe5 d6 4. Nf3 Nxe4 5. d4 d5 6. Bd3 Bd6 7. O-O O-O 8. c4 c6 9. Nc3 Nxc3 10. bxc3 dxc4 11. Bxc4 Bf5 12. Bg5 Qa5 13. d5 {[%emt 0:02:14] [#] Droht dxc6 und aus.} Qc7 14. Re1 {[%emt 0:03:26] Weiß hat minimalen Vorteil.} h6 15. Bh4 c5 16. Bd3 Bxd3 17. Qxd3 c4 18. Qe4 Nd7 19. Be7 Bxe7 20. Qxe7 Rad8 21. Ne5 Qc8 22. Nxd7 Rxd7 23. Qe5 Qc5 24. Rad1 Rfd8 25. g3 Rxd5 26. Rxd5 Qxd5 27. Qxd5 Rxd5 $15 {[%emt 0:00:00][%mdl 4096] Endspiel. KR-KR} 28. Re8+ Kh7 {[%emt 0:00:00] Droht stark ...Ra5.} 29. Re7 Kg6 30. Rxb7 {[%emt 0:00:04] Die Stellung ist ausgeglichen.} Rd3 31. Rxa7 Rxc3 32. Rc7 Rc1+ 33. Kg2 Ra1 34. Rxc4 {[%emt 0:00:05] Gewichteter Fehlerwert: Weiß=0.03 (makellos) /Schwarz=0.04 (makellos) .  Ungenau:       	Weiß=1     	Schwarz=2     OK:         	Weiß=11    	Schwarz=12    Bester:       	Weiß=2     	---} 1/2-1/2

[Event "1000GM Schev-G1 March 2024"]
[Site "Santa Clara"]
[Date "2024.03.10"]
[Round "2.4"]
[White "Guo, Ethan"]
[Black "Arenas, David"]
[Result "0-1"]
[ECO "C84"]
[WhiteElo "2227"]
[BlackElo "2368"]
[Annotator "TA"]
[PlyCount "86"]
[EventDate "2024.03.06"]
[EventType "schev"]
[EventCountry "USA"]
[SourceTitle "playchess.com"]
[Source "ChessBase"]
[SourceQuality "1"]
[TimeControl "5400+30"]

1. e4 e5 2. Nf3 Nc6 3. Bb5 a6 4. Ba4 Nf6 5. d3 b5 6. Bb3 Be7 7. O-O Bb7 8. a3 O-O 9. Nc3 Nd4 10. Nxd4 {Die Stellung ist ausgeglichen.} exd4 11. Ne2 c5 12. Nf4 Qc7 13. Nd5 Nxd5 14. Bxd5 Bxd5 15. exd5 Bd6 16. h4 Rae8 17. Qg4 (17. Qf3 $15) 17... f5 18. Qf3 Qd8 {Schwarz steht aktiver.} ({Vorzuziehen ist} 18... f4 $17 19. Bd2 Qd8) 19. Bf4 $11 Qe7 20. a4 b4 $40 {[%emt 0:10:00][%mdl 128] Schwarz greift an.} 21. b3 (21. Rae1 $11 {hält das Gleichgewicht.} Qf6 (21... Qxh4 $2 {zu gefräßig.} 22. Bxd6 Qf6 23. Bxc5 $18) (21... Qxe1 22. Rxe1 Rxe1+ 23. Kh2 $14) 22. Rxe8 Rxe8 23. Bxd6 Qxd6 24. Qxf5) 21... Bxf4 $17 22. Qxf4 Qe5 23. Qxe5 Rxe5 {[%emt 0:00:30][%mdl 4096] Endspiel. KRR-KRR} 24. Rfe1 {[%emt 0:00:30] [#]} Rfe8 ({Doch nicht} 24... Rxd5 $6 25. Re7 $11) 25. Kf1 Kf7 26. f4 {[%emt 0:00:30] [#]} Re3 (26... Rxe1+ $1 $17 27. Rxe1 Rxe1+ 28. Kxe1 Ke7) 27. Rxe3 $15 Rxe3 {[%emt 0:00:30] KR-KR} 28. Re1 ({Besser ist} 28. h5 $1 $15) 28... Ke7 29. Rxe3+ $4 {[%emt 0:00:30][%mdl 8192] Der Zug kostet die Partie für Weiß.} (29. h5 $17) 29... dxe3 $17 {[%emt 0:00:30] KP-KP} 30. Ke2 Kd6 31. Kxe3 Kxd5 32. h5 a5 33. g3 h6 34. Kd2 Kd4 {[%emt 0:00:30] Schwarz setzt Matt.} 35. Ke2 Kc3 36. Kd1 d6 37. Kc1 d5 38. Kd1 c4 39. dxc4 dxc4 40. bxc4 Kxc4 41. Kd2 Kd4 42. Ke2 Kc3 43. Kd1 b3 {[%emt 0:00:30] Gewichteter Fehlerwert: Weiß=0.77/Schwarz=0.10 (sehr präzise) .  Verlustzug:     	Weiß=1     	---        Fehler:       	Weiß=3     	Schwarz=2     Ungenau:       	Weiß=1     	---        OK:         	Weiß=3     	Schwarz=8     Bester:       	Weiß=2     	Schwarz=1} 0-1